 Dungeon Crawl Stone Soup version 0.26-a0-852-g6321bf7485 (webtiles) character file.

Game seed: 12656088922104154719

11835 dickylongcocking the Spear-Bearer (level 11, -8/85 HPs)
             Began as a Merfolk Venom Mage on Nov 21, 2020.
             Was a Priest of Sif Muna.
             Mangled by Donald
             ... wielding a +4 double sword of protection
              (11 damage)
             ... on level 2 of the Orcish Mines.
             The game lasted 00:17:40 (14900 turns).

dickylongcocking the Spear-Bearer (MfVM)           Turns: 14900, Time: 00:17:41

Health: -8/85      AC: 15    Str: 10    XL:     11   Next: 83%
Magic:  0/14       EV: 21    Int: 18    God:    Sif Muna [***...]
Gold:   290        SH:  0    Dex: 15    Spells: 6/14 levels left

rFire    + . .     SeeInvis .   N - +0 trident (vamp)
rCold    + . .     Faith    .   (no shield)
rNeg     . . .     Spirit   +   C - +2 robe {rC+}
rPois    .         Reflect  .   F - +0 helmet
rElec    .         Harm     .   k - +2 cloak
rCorr    .         Rampage  .   (no gloves)
MR       .....                  w - +0 pair of boots
Stlth    ++........             v - amulet of guardian spirit
HPRegen  0.24/turn              x - ring of flight
MPRegen  0.14/turn              B - +4 ring of protection

@: no status effects
A: change form in water, swift swim, stealthy swim, yellow scales 1, fire
resistance 1, mutation resistance 1, strong 1
a: Channel Magic, Forget Spell, Renounce Religion, Evoke Flight


You were on level 2 of the Orcish Mines.
You worshipped Sif Muna.
Sif Muna was most pleased with you.
You visited 3 branches of the dungeon, and saw 14 of its levels.
You visited 1 bazaar.

You collected 980 gold pieces.
You spent 690 gold pieces at shops.

Inventory:

Hand Weapons
 b - a +0 spear
 o - a +0 halberd
 y - a -2 trident
 K - a +3 halberd
 N - a +0 vampiric trident (weapon)
Armour
 a - a +0 robe
 k - a +2 cloak (worn)
 w - a +0 pair of boots (worn)
 z - the +1 pair of gloves "Huseyl" {+Fly MR+}
   (You bought it in a shop on level 6 of the Dungeon)

   It affects your resistance to hostile enchantments.
   It lets you fly.
 C - a +2 robe of cold resistance (worn)
 F - a +0 helmet (worn)
Magical Staves
 H - an uncursed staff of cold
Jewellery
 r - an uncursed ring of see invisible
 v - an amulet of guardian spirit (around neck)
 x - a ring of flight (left hand)
 B - a +4 ring of protection (right hand)
 D - a cursed ring of attention {unknown}
 L - a cursed ring of attention {unknown}
 M - an uncursed ring of protection from cold {unknown}
Wands
 c - a wand of iceblast (10)
 l - a wand of flame (25)
 n - a wand of polymorph (9)
 A - a wand of disintegration (34)
 J - a wand of acid (6)
Scrolls
 d - 4 scrolls of teleportation
 e - 6 scrolls of remove curse
 f - a scroll of amnesia
 g - 3 scrolls of enchant armour
 h - 2 scrolls of blinking
 i - 4 scrolls of fear
 j - 2 scrolls of enchant weapon
 m - 8 scrolls of magic mapping
 p - 2 scrolls of random uselessness
 q - 2 scrolls of fog
 u - 2 scrolls of noise
 E - a scroll of identify
 G - a scroll of summoning
 I - 2 scrolls of vulnerability
Potions
 s - 3 potions of heal wounds
 t - 2 potions of attraction
 O - a potion of might
 P - a potion of haste


   Skills:
 + Level 7.7 Fighting
 * Level 13.7 Polearms
 * Level 13.0 Dodging
 - Level 2.1 Stealth
 - Level 2.0 Spellcasting
 * Level 8.2 Transmutations
 - Level 9.5 Poison Magic
 * Level 4.4 Invocations


You had 6 spell levels left.
You knew the following spells:

 Your Spells              Type           Power        Failure   Level
a - Sting                 Tmut/Pois      ####         1%          1
d - Olgreb's Toxic Radia  Pois           #####...     3%          4
i - Ignite Poison         Fire/Tmut/Pois ###.....     4%          3

Your spell library contained the following spells:

 Spells                   Type           Power        Failure   Level
 Poisonous Vapours        Pois/Air       ###...       3%          2
 Mephitic Cloud           Conj/Pois/Air  ##......     14%         3
 Animate Skeleton         Necr           #.....       19%         1
 Apportation              Tloc           #.....       19%         1
 Corona                   Hex            #......      19%         1
 Magic Dart               Conj           #...         19%         1
 Pain                     Necr           #...         19%         1
 Summon Small Mammal      Summ           #...         19%         1
 Blink                    Tloc           N/A          26%         2
 Call Imp                 Summ           #.......     26%         2
 Slow                     Hex            #.......     26%         2
 Petrify                  Tmut/Erth      ###.....     32%         4
 Confusing Touch          Hex            #.......     47%         3
 Conjure Flame            Conj/Fire      #.......     47%         3
 Gell's Gravitas          Tloc           #.........   47%         3
 Vampiric Draining        Necr           #.........   47%         3
 Yara's Violent Unravell  Hex/Tmut       ###.......   67%         5
 Animate Dead             Necr           #.........   87%         4
 Agony                    Necr           #.......     99%         5
 Metabolic Englaciation   Hex/Ice        #.........   99%         5
 Freezing Cloud           Conj/Ice/Air   #.........   100%        6


Dungeon Overview and Level Annotations

Branches:
Dungeon (11/15)            Temple (1/1) D:6            Lair (0/6) D:9
    Orc (2/2) D:9
    Elf: Orc:2

Altars:
Ashenzari
Cheibriados
Dithmenos
Elyvilon
Fedhas
Gozag
Hepliaklqana
Kikubaaqudgha
Makhleb
Nemelex Xobeh
Okawaru
Qazlal
Ru
Sif Muna
Trog
Uskayaw
Vehumet
Wu Jian
Xom
Yredelemnul
Zin
The Shining One
Beogh

Shops:
D:6 [(*

Annotations:
Orc:2 Donald


Innate Abilities, Weirdness & Mutations

You revert to your normal form in water.
You are very nimble and swift while swimming.
You are very stealthy in the water. (Stealth+)
You are partially covered in yellow scales. (AC +2)
Your flesh is heat resistant. (rF+)
You are somewhat resistant to further mutation.
Your muscles are strong. (Str +2)


Message History

The orc priest looks as sick as possible!
You kill the orc priest!
Sif Muna accepts your kill.
Donald hits you with a +4 double sword of protection!!!
The orc warrior throws a boomerang.
The boomerang hits you!
* * * LOW HITPOINT WARNING * * *
Unknown command.
Unknown command.
Unknown command.
Unknown command.
Unknown command.
You feel much better.
Donald looks as sick as possible!
The orc warrior looks as sick as possible!
Your toxic aura wanes.
Donald hits you with a +4 double sword of protection!!!
* * * LOW HITPOINT WARNING * * *
The orc warrior throws a boomerang.
The boomerang misses you.
The weapon returns to the orc warrior!
Donald hits you with a +4 double sword of protection!
You die...

### #### ##.#### #..$#
....#.## #### ####.....
.......###..####.......#
........#....##.........
.#.##..#................
..#.#.###.##.##.@......#
....... ########@....###
......## #......#
....... .......# .......
......... ......#
.......).o ...#.
.^....)... ....
........... .#..


You could see Donald (fast, strong, extremely poisoned) and an orc warrior
(extremely poisoned).

Vanquished Creatures
  Nessos (Orc:2)
  Fannar (D:10)
  2 two-headed ogres
  An orc knight (Orc:2)
  An ugly thing (D:11)
  An elephant (D:9)
  A kobold demonologist (D:11)
  A troll (Orc:2)
  Grinder (D:3)
  A shadow (D:9)
  2 wraiths
  A wyvern (D:11)
  A basilisk (D:9)
  5 yaks
  A warg (Orc:1)
  Duvessa (D:4)
  5 orc warriors
  3 black bears
  3 phantoms
  A necrophage (D:8)
  3 ogres
  5 centaurs
  A big kobold (D:7)
  Blork the orc (D:4)
  6 bullfrogs
  2 water moccasin zombies
  5 scorpions
  Dowan (D:4)
  6 killer bees (D:8)
  8 wights
  7 howler monkeys
  2 bullfrog zombies
  6 hounds
  A jelly (D:10)
  Crazy Yiuf (D:2)
  A centaur skeleton (D:8)
  12 orc priests
  Jessica (D:2)
  Natasha (twice) (D:4)
  17 orc wizards
  2 worker ants (D:11)
  8 ogre zombies (D:9)
  A hound skeleton (D:4)
  A howler monkey zombie (D:5)
  13 adders
  2 gnolls (D:2)
  A shadow imp (D:7)
  A white imp (D:5)
  An ufetubus (D:6)
  3 oozes
  An adder skeleton (D:4)
  3 worms
  A dart slug (D:1)
  4 leopard geckos
  37 orcs
  2 giant cockroaches (D:3)
  15 goblins
  11 hobgoblins
  12 jackals
  13 kobolds
  2 quokkas
  2 ball pythons
  8 bats
  7 frilled lizards
  3 goblin skeletons (D:9)
  3 goblin zombies (D:9)
  A hobgoblin zombie (D:9)
  A leopard gecko skeleton (D:9)
  6 orc skeletons (D:9)
  12 orc zombies (D:9)
  11 rats
  A bush (D:1)
311 creatures vanquished.

Vanquished Creatures (others)
  7 plants (D:1)
7 creatures vanquished.

Grand Total: 318 creatures vanquished

Notes
Turn   | Place    | Note
-------+----------+-------------------------------------------
     0 | D:1      | dickylongcocking the Merfolk Venom Mage began the quest for
                  | the Orb.
     0 | D:1      | Reached XP level 1. HP: 13/13 MP: 3/3
   280 | D:1      | Reached XP level 2. HP: 8/19 MP: 0/5
   285 | D:1      | Reached skill level 1 in Polearms
  1269 | D:1      | Reached XP level 3. HP: 24/24 MP: 4/6
  2167 | D:1      | Learned a level 3 spell: Ignite Poison
  2402 | D:2      | Reached XP level 4. HP: 16/31 MP: 2/7
  3050 | D:2      | Noticed Jessica
  3063 | D:2      | Reached skill level 1 in Fighting
  3085 | D:2      | Killed Jessica
  3086 | D:2      | Reached XP level 5. HP: 32/37 MP: 0/8
  3278 | D:2      | Found an iron altar of Okawaru.
  3498 | D:2      | Found a runed translucent door.
  3499 | D:2      | Noticed Crazy Yiuf
  3507 | D:2      | Learned a level 4 spell: Olgreb's Toxic Radiance
  3584 | D:2      | Gained mutation: Your body sometimes deteriorates upon
                  | taking damage. [potion of mutation]
  3584 | D:2      | Gained mutation: Your mind is acute. (Int +2) [potion of
                  | mutation]
  3607 | D:2      | Killed Crazy Yiuf
  4303 | D:3      | Lost mutation: Your body sometimes deteriorates upon taking
                  | damage. [potion of mutation]
  4303 | D:3      | Lost mutation: Your mind is acute. (Int +2) [potion of
                  | mutation]
  4303 | D:3      | Gained mutation: You are somewhat resistant to further
                  | mutation. [potion of mutation]
  4303 | D:3      | Gained mutation: Your flesh is heat resistant. (rF+)
                  | [potion of mutation]
  4303 | D:3      | Gained mutation: Your muscles are strong. (Str +2) [potion
                  | of mutation]
  4303 | D:3      | Gained mutation: You are partially covered in yellow
                  | scales. (AC +2) [potion of mutation]
  4858 | D:3      | Noticed Grinder
  4858 | D:3      | Paralysed by Grinder for 7 turns
  5041 | D:3      | Reached skill level 5 in Fighting
  5041 | D:3      | Reached XP level 6. HP: 37/51 MP: 1/9
  5053 | D:3      | Killed Grinder
  5054 | D:3      | Reached skill level 10 in Polearms
  5054 | D:3      | Reached XP level 7. HP: 43/56 MP: 0/10
  5489 | D:4      | Noticed Duvessa
  5489 | D:4      | Noticed Dowan
  5838 | D:4      | Reached XP level 8. HP: 63/63 MP: 3/11
  5990 | D:4      | Killed Dowan
  5990 | D:4      | Killed Duvessa
  5991 | D:4      | Reached skill level 10 in Dodging
  6392 | D:4      | Noticed Natasha
  6395 | D:4      | Killed Natasha
  6508 | D:4      | Noticed Blork the orc
  6511 | D:4      | Killed Blork the orc
  6767 | D:4      | Noticed Natasha
  6772 | D:4      | Killed Natasha
  6822 | D:4      | Found a blossoming altar of Fedhas.
  6864 | D:5      | Entered Level 5 of the Dungeon
  7232 | D:5      | Reached XP level 9. HP: 69/69 MP: 1/12
  8273 | D:6      | Found Tatteopp's General Store.
  8388 | D:6      | Found a sparkling altar of Nemelex Xobeh.
  8568 | D:6      | Found Ureine's Armour Emporium.
  8573 | D:6      | Bought the +1 pair of gloves "Huseyl" {+Fly MR+} for 338
                  | gold pieces
  8700 | D:6      | Found a staircase to the Ecumenical Temple.
  8826 | Temple   | Entered the Ecumenical Temple
  8969 | Temple   | Became a worshipper of Sif Muna the Loreminder
  9409 | D:6      | Found Yxaisiz's Antique Weapon Emporium.
 10740 | D:8      | Reached * piety under Sif Muna
 10741 | D:8      | Reached XP level 10. HP: 77/77 MP: 5/13
 11237 | D:8      | Found a roughly hewn altar of Beogh.
 11578 | D:9      | Found a basalt altar of Yredelemnul.
 11687 | D:9      | Found a staircase to the Orcish Mines.
 11746 | D:9      | Reached ** piety under Sif Muna
 12043 | D:9      | Reached skill level 5 in Transmutations
 12073 | D:9      | Found a shimmering altar of Xom.
 12149 | D:9      | Found a staircase to the Lair.
 12149 | D:9      | Noticed an elephant
 12161 | D:9      | Killed an elephant
 12792 | D:10     | Entered Level 10 of the Dungeon
 12792 | D:10     | Noticed Fannar
 12799 | D:10     | Killed Fannar
 12918 | D:10     | Reached skill level 1 in Invocations
 12918 | D:10     | Reached XP level 11. HP: 83/84 MP: 3/14
 12954 | D:10     | Reached *** piety under Sif Muna
 13724 | D:11     | Noticed a purple ugly thing
 13728 | D:11     | Found a flickering gateway to a bazaar.
 13774 | D:11     | Killed a purple ugly thing
 13912 | D:11     | Noticed a two-headed ogre
 13921 | D:11     | Killed a two-headed ogre
 14256 | Bazaar   | Entered a bazaar
 14256 | Bazaar   | Found Utigug's Antique Weapon Shoppe.
 14256 | Bazaar   | Found Radd's Assorted Antiques.
 14271 | Bazaar   | Found Vomubachae's Distillery.
 14271 | Bazaar   | Found Irimn's Weapon Emporium.
 14305 | Bazaar   | Bought a runed trident for 143 gold pieces
 14312 | Bazaar   | Bought a potion of might for 44 gold pieces
 14312 | Bazaar   | Bought a potion of haste for 110 gold pieces
 14312 | Bazaar   | Bought a potion of heal wounds for 55 gold pieces
 14365 | Orc:1    | Entered Level 1 of the Orcish Mines
 14752 | Orc:2    | Entered Level 2 of the Orcish Mines
 14752 | Orc:2    | Noticed Nessos
 14752 | Orc:2    | Noticed an orc knight
 14757 | Orc:2    | Noticed a two-headed ogre
 14758 | Orc:2    | Killed an orc knight
 14758 | Orc:2    | Killed Nessos
 14762 | Orc:2    | Killed a two-headed ogre
 14892 | Orc:2    | Noticed Donald
 14900 | Orc:2    | HP: 3/85 [Donald/+4 double sword of protection (32)]
 14900 | Orc:2    | Mangled by Donald

Illustrated notes

Levels and vault maps discovered:
D:1:      arrival_zaba_pyramid, layout_loops_ring, serial_forest,
          infiniplex_forest_clump_tiny, infiniplex_forest_clump_cross,
          infiniplex_forest_clump_small, infiniplex_forest_end_3,
          infiniplex_forest_clump_medium, infiniplex_forest_clump_curved,
          infiniplex_forest_lined_3, serial_bayou_ford_a
D:2:      layout_rooms, okawaru_altar_gauntlet_db, uniq_crazy_yiuf_cottage,
          uniq_jessica
D:3:      layout_basic, uniq_grinder
D:4:      layout_rooms, kennysheep_mini_moat, uniq_blork_the_orc, uniq_natasha,
          uniq_duvessa
D:5:      layout_loops_ring
D:6:      layout_loops_cross, nicolae_overflow_crystal_walls,
          minmay_temple_entry_fiery, serial_shops, nicolae_shop_crystal, shop,
          shop
D:7:      layout_basic
D:8:      layout_basic, david_defended_altar_orc
D:9:      layout_long_grid, kennysheep_little_box, yredelemnul_altar_generic,
          david_lair_generic, zombieorc2_lemuel, minmay_strange_pillars
D:10:     layout_loops_ring, uniq_fannar
D:11:     layout_irregular_city, serial_shops, bzr_entry_islet,
          minmay_misc_feat_secret_circle, hangedman_batty
Temple:   minmay_crystal_spiral_temple
Orc:1:    layout_diamond_mine, serial_shops, uniq_sonja
Orc:2:    grunt_orc_tribal_feast, layout_caves, nicolae_orc_flooded_monolith,
          minmay_orc_temple_c, uniq_nessos, uniq_saint_roka, uniq_donald

Skill      XL: |  1  2  3  4  5  6  7  8  9 10 11 |
---------------+----------------------------------+-----
Dodging        | 3 4 9 10 11 12 13 | 13.0
Polearms       | 1 2 3 9 10 11 12 13 | 13.7
Poison Magic   | 4 8 9 |  9.5
Fighting       | 1 5 6 7 |  7.7
Transmutations | 3 6 8 |  8.2
Invocations    | 1 4 |  4.4
Stealth        | |  2.1
Spellcasting   | |  2.0

Action                   |  1- 3 |  4- 6 |  7- 9 | 10-12 || total
-------------------------+-------+-------+-------+-------++-------
Melee: Spear             |   152 |   165 |     6 |       ||   323
       Unarmed           |     1 |       |       |       ||     1
       Halberd           |       |       |   152 |   261 ||   413
       Trident           |       |       |     1 |     4 ||     5
 Cast: Sting             |    50 |    42 |    12 |     3 ||   107
       Olgreb's Toxic Ra |       |       |    43 |    45 ||    88
       Ignite Poison     |       |       |    32 |    28 ||    60
Invok: Channel Magic     |       |       |       |     2 ||     2
 Abil: Evoke Flight      |       |       |       |     1 ||     1
Evoke: Wand              |       |       |       |     1 ||     1
  Use: Potion            |       |     4 |     1 |     8 ||    13
       Scroll            |       |       |    11 |     4 ||    15
 Stab: Sleeping          |       |     2 |     1 |     1 ||     4
       Distracted        |       |       |     1 |     2 ||     3
Armor: Robe              |    10 |    34 |    47 |    51 ||   142
Dodge: Dodged            |    54 |   132 |   157 |   222 ||   565

Table legend: (Time is in decaauts)
 A = Elapsed time spent in this place.
 B = Non-inter-level travel time spent in this place.
 C = Inter-level travel time spent in this place.
 D = Time resting spent in this place.
 E = Time spent auto-exploring this place.
 F = Levels seen in this place.
 G = Mean time per level.
                   A        B        C        D        E       F      G
               +--------+--------+--------+--------+--------+-----+--------+
         Total |  14832 |  14141 |    691 |   1631 |  10033 |  15 |  988.8 |
       Dungeon |  14002 |  13437 |    565 |   1631 |   9536 |  11 | 1272.9 |
        Temple |    230 |    121 |    109 |      0 |     18 |   1 |  230.0 |
  Orcish Mines |    532 |    516 |     16 |      0 |    449 |   2 |  266.0 |
        Bazaar |     66 |     66 |      0 |      0 |     30 |   1 |   66.0 |
               +--------+--------+--------+--------+--------+-----+--------+

Top non-repeatable levels by time:
     D:2: 2105 daAuts
     D:1: 1966 daAuts
     D:3: 1475 daAuts
     D:9: 1294 daAuts
     D:4: 1286 daAuts
     D:6: 1238 daAuts
     D:5: 1157 daAuts
     D:8: 1082 daAuts
     D:7: 934 daAuts
    D:10: 845 daAuts
    D:11: 616 daAuts
   Orc:1: 386 daAuts
  Temple: 230 daAuts
   Orc:2: 146 daAuts
  Bazaar: 66 daAuts
